 Dungeon Crawl Stone Soup version 0.15-a0-1909-gd9acbb9 (webtiles) character file.

48530 Amnesiac the Grappler (level 14, -4/178 HPs)
             Began as an Ogre Transmuter on July 6, 2014.
             Was a High Priest of Dithmenos.
             Slain by a six-headed hydra (12 damage)
             ... on Level 8 of the Lair of Beasts.
             The game lasted 01:44:54 (23823 turns).

Amnesiac the Grappler (Ogre Transmuter)            Turns: 23823, Time: 01:44:54

HP  -4/178       AC  5     Str 18      XL: 14   Next: 46%
MP  32/32        EV 17     Int 12      God: Dithmenos [*****.]
Gold 986         SH  0     Dex 14      Spells:  8 memorised,  7 levels left

rFire  x . .     SeeInvis .       - Unarmed
rCold  + + +     Clarity  .     c - melded +0 robe
rNeg   . . .     rCorr    +     (shield currently unavailable)
rPois  +         rRot     .     P - melded +1 hat {MR+}
rElec  .         Spirit   .     C - melded +2 cloak
SustAb .         Warding  .     (gloves unavailable)
rMut   .         Stasis   .     (boots unavailable)
Gourm  .                        b - amulet of resist corrosion
MR     +....                    N - +1 ring of evasion
                                y - ring of stealth

@: ice-form, wreathed by umbra, somewhat resistant to hostile enchantments,
fairly stealthy
A: unfitting armour, (tough skin 0)
a: End Transformation, Shadow Step, Shadow Form, Renounce Religion


You were on level 8 of the Lair of Beasts.
You worshipped Dithmenos.
Dithmenos was extremely pleased with you.
You were not hungry.
You were a creature of crystalline ice.
You visited 3 branches of the dungeon, and saw 18 of its levels.
You also visited: Labyrinth, Sewer and Volcano.

You collected 986 gold pieces.

Inventory:

Missiles
 g - a throwing net (quivered)
 p - 28 poisoned arrows
 s - 7 curare-tipped needles
 E - 4 arrows of flame
 Y - 14 arrows of frost
Armour
 c - a +0 robe (melded)
 k - a cursed +0 cloak of poison resistance
 C - a +2 cloak (melded)
 P - a +1 hat of magic resistance (melded)
Magical devices
 d - a wand of polymorph (16)
 j - a wand of draining (5)
 n - a wand of digging (10)
 F - a wand of digging (13)
 K - a wand of teleportation (3) {unknown}
 L - a wand of lightning (1)
 T - a wand of paralysis (12)
Comestibles
 h - 12 slices of pizza
 i - 13 bread rations
 q - 10 fruits
 G - 5 beef jerkies
 Z - a chunk of yak flesh
Scrolls
 e - 2 scrolls of blinking
 t - a scroll of fear
 w - 7 scrolls of remove curse
 z - 4 scrolls of identify
 A - 3 scrolls of recharging
 B - a scroll of fog
 J - a scroll of amnesia
 O - a scroll of enchant armour
 Q - a scroll of silence {unknown}
 R - a scroll of vulnerability
 V - a scroll of teleportation
Jewellery
 b - an amulet of resist corrosion (around neck)
 m - a +1 ring of intelligence
 y - a ring of stealth (left paw)
 D - an uncursed amulet of rage
 N - a +1 ring of evasion (right paw)
 U - an uncursed ring of teleportation
 W - an uncursed ring of fire {unknown}
Potions
 a - a potion of berserk rage
 f - a potion of curing
 l - 2 potions of restore abilities
 o - 3 potions of magic
 r - 3 potions of heal wounds
 u - a potion of paralysis {unknown}
 v - a potion of brilliance
 x - 4 potions of might
 H - a potion of mutation {unknown}
 I - 4 potions of agility
 M - 2 potions of confusion
 S - 5 potions of resistance
Magical staves
 X - an uncursed staff of wizardry


   Skills:
 - Level 12.0 Fighting
 + Level 10.7 Dodging
 - Level 12.1 Unarmed Combat
 - Level 10.0 Spellcasting
 - Level 10.0 Transmutations
 - Level 1.0 Ice Magic
 - Level 1.0 Poison Magic


You had 7 spell levels left.
You knew the following spells:

 Your Spells              Type           Power        Failure   Level  Hunger
a - Stoneskin             Trmt/Erth      ###.......   1%          2    None
b - Alistair's Intoxicat  Trmt/Pois      ###.....     14%         4    ####...
c - Ice Form              Ice/Trmt       ###.......   14%         4    ####...
d - Sticks to Snakes      Trmt           ####......   1%          2    None
e - Dazzling Spray        Conj/Hex       #.......     34%         3    ##.....
q - Spider Form           Trmt/Pois      ###.......   3%          3    ##.....
v - Passwall              Trmt/Erth      ###.......   4%          3    ##.....
x - Blade Hands           Trmt           ####......   6%          5    #####..


Dungeon Overview and Level Annotations

Branches:
Dungeon (9/15)             Temple (1/1) D:5            Lair (8/8) D:8
  Snake (0/5) Lair:6        Slime (0/6) Lair:7
    Orc: D:9-12       Swamp: Lair:3-6    Shoals: Lair:3-6    Spider: Lair:3-6

Altars:
Ashenzari
Cheibriados
Dithmenos
Fedhas
Kikubaaqudgha
Nemelex Xobeh
Okawaru
Trog
Yredelemnul
Zin
The Shining One
Jiyva

Shops:
D:8 *


Innate Abilities, Weirdness & Mutations

You are too large for most types of armour.
((You have tough skin (AC +1).))*


Message History

The six-headed hydra bites you.
* * * LOW HITPOINT WARNING * * *
You pummel the six-headed hydra!!
The six-headed hydra seems to slow down.
You freeze the six-headed hydra.
The six-headed hydra is severely wounded.
Unknown command.
You hit the six-headed hydra.
The six-headed hydra seems to slow down.
You freeze the six-headed hydra.
The six-headed hydra is almost dead.
The six-headed hydra closely misses you.
The six-headed hydra barely misses you. The six-headed hydra bites you.
* * * LOW HITPOINT WARNING * * *
The six-headed hydra bites you!
* * * LOW HITPOINT WARNING * * *
The six-headed hydra bites you!
* * * LOW HITPOINT WARNING * * *
The six-headed hydra bites you!
You die...

≈≈≈ ............
≈≈≈≈≈≈PP.............
≈≈≈≈≈.≈≈..............
♣..P..♣..P............
..♣.........###.....PPP#
.............#.....#.P..
..............#P.....####
................P..P###..P
.........Y..........####..
........D.........P..#.##.
........%...PP......P..#...
#..........................
..................%........
.....PPP.PP......%%..PP...
......PP##...........PPPP.
.PP...P###...........PPP##
PP...P #...........PPPPP.


You could see a six-headed hydra.

Vanquished Creatures
  Rupert (Lair:4)
  Maud (Lair:8)
  Gastronok (Lair:2)
  A minotaur (Lab)
  7 hydras
  11 death yaks
  The ghost of WhatIsLove the Hoplite, an experienced FoFi of Okawaru (D:8)
  2 shadow demons (Lair:4)
  The ghost of Xiguana the Magician, an experienced DEFE (D:4)
  A griffon (Lair:6)
  12 elephants
  A molten gargoyle (Lair:4)
  6 black mambas
  6 spiny frogs
  2 fire drakes
  Grinder (D:6)
  10 komodo dragons
  A polar bear (Lair:7)
  A blue devil (Lair:4)
  Prince Ribbit (D:6)
  A troll (D:8)
  A basilisk (Lair:8)
  2 flying skulls (Volcano)
  13 blink frogs
  2 vampires (Volcano)
  2 shadows
  3 hogs (D:7)
  3 fire bats (Lair:4)
  Eustachio (D:4)
  A human (D:7)
  23 yaks
  A wandering mushroom (Lair:7)
  6 wolves
  8 hippogriffs
  14 swamp worms (Lair:4)
  12 water moccasins
  12 porcupines
  A yellow wasp (D:8)
  A sky beast (D:8)
  2 ogres
  3 centaurs
  2 phantoms
  Sigmund (D:5)
  2 big kobolds
  10 crocodiles
  15 giant frogs
  3 boring beetles
  Blork the orc (D:5)
  3 scorpions
  A troll zombie (D:7)
  2 spriggan skeletons (Lab)
  A hippogriff skeleton (D:5)
  9 wights (D:6)
  A crimson imp (D:6)
  14 hounds
  A centaur skeleton (D:5)
  Crazy Yiuf (D:5)
  2 jellies
  6 orc priests
  6 iguanas
  A giant frog skeleton (D:6)
  7 orc wizards
  Natasha (thrice) (D:4)
  5 orange rats (Lair:5)
  7 worker ants
  34 sheep
  Ijyb (D:4)
  A big kobold skeleton (D:8)
  A mummy (Volcano)
  7 gnolls
  64 green rats
  13 adders
  A giant mite (D:1)
  10 worms
  7 giant geckos
  2 oozes
  34 orcs
  8 ball pythons
  11 bats
  6 giant cockroaches
  7 hobgoblins
  12 jackals
  14 quokkas
  13 giant newts
  A giant newt zombie (D:5)
  8 goblins
  A jackal skeleton (D:4)
  26 kobolds
  21 rats
  A rat skeleton (D:5)
588 creatures vanquished.

Vanquished Creatures (others)
  The ghost of Froboctopus the Slicer, a powerful HaDK of Yredelemnul (Volcano)
  A hobgoblin (D:4)
  5 fungi
  7 plants
14 creatures vanquished.

Grand Total: 602 creatures vanquished

Notes
Turn   | Place    | Note
--------------------------------------------------------------
     0 | D:1      | Amnesiac, the Ogre Transmuter, began the quest for the Orb.
     0 | D:1      | Reached XP level 1. HP: 19/19 MP: 3/3
    48 | D:1      | Reached XP level 2. HP: 17/27 MP: 1/5
   228 | D:1      | Learned a level 2 spell: Sticks to Snakes
   701 | D:1      | Reached skill level 3 in Spellcasting
   767 | D:1      | Reached XP level 3. HP: 33/33 MP: 5/7
   772 | D:1      | Learned a level 3 spell: Spider Form
  1225 | D:2      | Reached skill level 1 in Poison Magic
  1408 | D:4      | Noticed a scorpion
  1554 | D:3      | Reached XP level 4. HP: 41/41 MP: 2/9
  1737 | D:4      | Noticed Natasha
  1750 | D:4      | Killed Natasha
  1772 | D:4      | Noticed Xiguana's ghost (experienced DEFE)
  1787 | D:4      | Noticed Natasha
  1794 | D:4      | Killed Natasha
  1838 | D:4      | Killed a scorpion
  1838 | D:4      | Reached XP level 5. HP: 48/53 MP: 3/11
  2201 | D:4      | Found a glowing golden altar of the Shining One.
  2202 | D:4      | Noticed a scorpion
  2208 | D:4      | Noticed Ijyb
  2213 | D:4      | Noticed Eustachio
  2218 | D:4      | Killed a scorpion
  2218 | D:4      | Reached skill level 4 in Fighting
  2218 | D:4      | Reached XP level 6. HP: 55/62 MP: 4/12
  2232 | D:4      | Killed Ijyb
  2320 | D:4      | Found a glowing silver altar of Zin.
  2321 | D:4      | Found a blossoming altar of Fedhas.
  2387 | D:4      | Noticed Natasha
  2753 | D:4      | Killed Natasha
  3020 | D:3      | Reached XP level 7. HP: 50/71 MP: 11/14
  3150 | D:4      | Noticed an ogre
  3199 | D:5      | Entered Level 5 of the Dungeon
  3291 | D:5      | Reached skill level 5 in Unarmed Combat
  3400 | D:4      | Killed Eustachio
  3400 | D:4      | Reached skill level 5 in Fighting
  3570 | D:6      | Found a sparkling altar of Nemelex Xobeh.
  3704 | D:5      | Found a staircase to the Ecumenical Temple.
  3714 | Temple   | Entered the Ecumenical Temple
  3720 | Temple   | Became a worshipper of Dithmenos the Shadowed
  3799 | D:5      | Found a glowing drain.
  3858 | Sewer    | Entered a sewer
  4347 | D:5      | Reached skill level 6 in Unarmed Combat
  4347 | D:5      | Reached XP level 8. HP: 72/83 MP: 13/16
  5605 | D:4      | Killed an ogre
  6001 | D:5      | Noticed Sigmund
  6013 | D:5      | Acquired Dithmenos' first power
  6025 | D:5      | Killed Sigmund
  6025 | D:5      | Reached skill level 5 in Dodging
  6069 | D:5      | Noticed Blork the orc
  6081 | D:5      | Killed Blork the orc
  6235 | D:5      | Noticed Crazy Yiuf
  6247 | D:5      | Killed Crazy Yiuf
  6818 | D:4      | Killed Xiguana's ghost
  6818 | D:4      | Reached XP level 9. HP: 62/92 MP: 14/17
  7140 | D:6      | Noticed Prince Ribbit
  7150 | D:6      | Killed Prince Ribbit
  7150 | D:6      | Reached skill level 7 in Unarmed Combat
  7314 | D:6      | Found a bloodstained altar of Trog.
  7371 | D:6      | Found a shattered altar of Ashenzari.
  7634 | D:6      | Noticed Grinder
  7658 | D:6      | Killed Grinder
  7937 | D:7      | Found a basalt altar of Yredelemnul.
  7972 | D:7      | Acquired Dithmenos' second power
  8078 | D:7      | Reached skill level 8 in Fighting
  8085 | D:7      | Reached XP level 10. HP: 101/104 MP: 10/18
  8765 | D:8      | Found Gukaehar's General Store.
  8799 | D:8      | Acquired Dithmenos' third power
  8830 | D:8      | Noticed WhatIsLove's ghost (experienced FoFi)
  9045 | D:8      | Killed WhatIsLove's ghost
  9357 | D:8      | Reached skill level 9 in Fighting
  9518 | D:8      | Found a staircase to the Lair.
  9959 | Lair:1   | Entered Level 1 of the Lair of Beasts
 10116 | Lair:1   | Reached XP level 11. HP: 61/115 MP: 15/21
 10314 | Lair:1   | Reached skill level 5 in Spellcasting
 10339 | Lair:1   | Learned a level 4 spell: Ice Form
 10345 | Lair:1   | Learned a level 5 spell: Blade Hands
 10350 | Lair:1   | Learned a level 4 spell: Alistair's Intoxication
 10923 | Lair:2   | Reached skill level 5 in Transmutations
 11279 | Lair:2   | Noticed Gastronok
 11656 | Lair:2   | Killed Gastronok
 11928 | Lair:2   | Acquired Dithmenos' fourth power
 12252 | Lair:2   | Noticed a five-headed hydra
 12257 | Lair:2   | Killed a five-headed hydra
 12414 | Lair:2   | Noticed a six-headed hydra
 12871 | Lair:2   | Killed a six-headed hydra
 12871 | Lair:2   | Reached XP level 12. HP: 74/123 MP: 24/28
 13581 | Lair:3   | Reached skill level 1 in Ice Magic
 14106 | Lair:4   | Found a labyrinth entrance.
 14127 | Lab      | Entered a labyrinth
 14592 | Lab      | Noticed a minotaur
 14615 | Lab      | Killed a minotaur
 14749 | Lab      | Identified Phageir's Guide on Dusty Unholy Magic
 14792 | Lair:4   | Noticed a five-headed hydra
 14802 | Lair:4   | Killed a five-headed hydra
 15032 | Lair:4   | Noticed a death yak
 15032 | Lair:4   | Noticed a death yak
 15039 | Lair:4   | Noticed a death yak
 15061 | Lair:3   | Killed a death yak
 15089 | Lair:3   | Learned a level 3 spell: Passwall
 15092 | Lair:3   | Learned a level 2 spell: Stoneskin
 15100 | Lair:3   | Learned a level 3 spell: Dazzling Spray
 15232 | Lair:4   | Noticed a death yak
 15234 | Lair:4   | Noticed a death yak
 15237 | Lair:4   | Noticed a death yak
 15245 | Lair:4   | Killed a death yak
 15282 | Lair:3   | Killed a death yak
 15686 | Lair:4   | Noticed Rupert
 15723 | Lair:4   | Paralysed by Rupert for 6 turns
 15830 | Lair:4   | Was placed under penance by Dithmenos
 15835 | Lair:4   | Killed Rupert
 15854 | Lair:4   | Was forgiven by Dithmenos
 16466 | Lair:3   | Killed a death yak
 16466 | Lair:3   | Reached skill level 10 in Spellcasting
 16466 | Lair:3   | Reached XP level 13. HP: 22/131 MP: 31/31
 16585 | Lair:3   | Reached skill level 10 in Transmutations
 18105 | Lair:4   | Reached skill level 10 in Fighting
 18457 | Lair:4   | Reached skill level 10 in Unarmed Combat
 18894 | Lair:4   | Killed a death yak
 18901 | Lair:4   | Killed a death yak
 19630 | Lair:6   | Found a dark tunnel.
 19636 | Volcano  | Entered a volcano
 19636 | Volcano  | Noticed Froboctopus' ghost (powerful HaDK)
 20165 | Volcano  | Killed Froboctopus' ghost
 20389 | Lair:6   | Reached skill level 11 in Fighting
 20779 | Lair:6   | Found a staircase to the Snake Pit.
 21783 | Lair:7   | Reached XP level 14. HP: 132/148 MP: 32/32
 21835 | Lair:7   | Reached skill level 12 in Fighting
 22211 | Lair:7   | Found a staircase to the Slime Pits.
 22211 | Lair:7   | Found a viscous altar of Jiyva.
 22879 | Lair:8   | Entered Level 8 of the Lair of Beasts
 23125 | Lair:8   | Reached skill level 10 in Dodging
 23231 | Lair:8   | Noticed Maud
 23357 | Lair:8   | Killed Maud
 23823 | Lair:8   | HP: 8/178 [six-headed hydra (8)]
 23823 | Lair:8   | Slain by a six-headed hydra

Action                   |  1- 3 |  4- 6 |  7- 9 | 10-12 | 13-15 || total
-------------------------+-------+-------+-------+-------+-------++-------
Melee: Unarmed           |   172 |   121 |   572 |   845 |   828 ||  2538
       Staff             |       |       |       |     3 |    24 ||    27
 Cast: Beastly Appendage |    25 |       |       |       |       ||    25
       Spider Form       |     3 |    14 |    46 |    58 |    42 ||   163
       Sticks to Snakes  |       |       |       |     3 |     3 ||     6
       Ice Form          |       |       |       |     8 |    12 ||    20
       Dazzling Spray    |       |       |       |     2 |       ||     2
       Blade Hands       |       |       |       |       |     3 ||     3
 Abil: End Transformatio |       |       |       |       |     1 ||     1
Evoke: Wand              |       |       |     1 |    12 |     3 ||    16
  Use: Scroll            |       |     3 |     7 |    17 |     6 ||    33
       Potion            |       |     1 |     2 |     4 |    10 ||    17
 Stab: Sleeping          |       |       |     1 |     1 |     1 ||     3
       Distracted        |       |       |       |     1 |     1 ||     2
  Eat: Chunk             |     3 |     9 |    20 |    32 |    21 ||    85
       Meat ration       |       |       |     1 |     1 |       ||     2
       Fruit             |       |       |       |     2 |     2 ||     4
       Beef jerky        |       |       |       |     1 |       ||     1
       Pizza             |       |       |       |       |     2 ||     2
